AoeStats
← Aqualava

Arabia

510029061Analyzed
2v2 RM · 5d ago on Sep 29, 2026· 36m 36s· 4 players
Game mode
Random Map
Map size
Medium (4 player)
Population
200
Speed
Normal
Resources
Standard
Victory
Conquest
Starting age
Dark Age
Ending age
Imperial Age
RankedLock teamsTeams togetherTeam positionsShared explorationLock speedFull tech treeHidden civsTurbo modeCheats
Victory
Defeat
🇲🇽 Maya · Mexico
1105
+14
🇲🇽 Burgundians · Mexico
1105
+14
🇧🇴 Portuguese · Bolivia
1063
-14
🇧🇴 Mongols · Bolivia
1054
-14
AlexSk8
0:36 Loom
11:32 Feudal Age
19:00 Castle Age
19:08 Eagle Warrior
20:19 Scale Mail Armor
20:30 Forging
20:28 Double-Bit Axe
20:25 Horse Collar
22:51 Squires
23:21 Arson
35:08 Imperial Age
35:22 Elite Eagle Warrior
36:25 Onager
Owen Waltz
5:20 Loom
10:39 Feudal Age
10:38 Double-Bit Axe
23:29 Castle Age
23:22 Bow Saw
23:59 Cavalier
24:51 Horse Collar
29:28 Wheelbarrow
35:59 Elite Skirmisher
37:14 Hand Cart
Aqualava
2:28 Loom
11:31 Feudal Age
18:20 Castle Age
16:26 Double-Bit Axe
19:37 Horse Collar
20:04 Husbandry
20:15 Bloodlines
23:08 Forging
26:34 Scale Barding Armor
27:32 Gold Mining
28:16 Pikeman
28:57 Squires
30:51 Fletching
31:01 Padded Archer Armor
31:36 Chain Barding Armor
36:20 Wheelbarrow
Fanto
5:26 Loom
10:02 Loom
12:40 Feudal Age
14:07 Horse Collar
17:05 Castle Age
15:36 Double-Bit Axe
20:09 Bow Saw
20:04 Heavy Plow
21:23 Gold Mining
25:10 Wheelbarrow
27:33 Hand Cart
32:12 Imperial Age
Connection lost

Rejoining the realm…

Still unreachable

The connection could not be restored.

Session expired

The server has moved on; the page needs a fresh start.